Thunder vs Punishers
Created - 21 février 2017 at 22:12
Goals
|
| Thunder |
1 |
1 |
1 |
3 |
| Punishers |
0 |
1 |
0 |
1 |
|
Shots
|
| Thunder |
6 |
8 |
10 |
24 |
| Punishers |
7 |
14 |
8 |
29 |
|
1st period
1. Thunder , Dany Roussin 27 (Pierre-Alexandre Parenteau, Evgeny Kuznetsov) at 18:45
Penalties :
Radek Smolenak (Pro) for Hooking (Minor) at 4:39
2nd period
2. Thunder , Dalton Smith 2 (Magnus Paajarvi-Svensson, Jay Beagle) at 13:37
3. Punishers , Adam McQuaid 3 (Mike Weber) at 19:56 (PP)
Penalties :
Petteri Nokelainen (Pro) for Close Hand On Puck (Minor) at 1:27, Peter Andersson (TRO) for Tripping (Minor) at 15:02, Peter Andersson (TRO) for Hooking (Minor) at 18:21
3rd period
4. Thunder , Pierre-Alexandre Parenteau 22 (Dany Roussin, Evgeny Kuznetsov) at 17:01
Penalties :
Mike Blunden (Pro) for Hooking (Minor) at 2:15, Josiah Didier (TRO) for High sticking (Minor) at 5:41, Matt Mackenzie (Pro) for Tripping (Minor) at 11:37, Ryan Malone (Pro) for Hooking (Minor) at 17:06
Goalie Stats
Erik Ersberg (TRO), 28 saves from 29 shots - (0,966), W, 8-5-1, 60:00 minutes
Niklas Svedberg (Pro), 21 saves from 24 shots - (0,875), L, 10-6-1, 60:00 minutes
Players Stats for Thunder
Player Name G A P +/- PIM S H SB GA TA FO MP PP MP PK MP
------------------------------------------------------------------------------------
Casey Pierro-Zabotel 0 0 0 0 0 0 1 0 0 0 0/0 6:30 0:00 0:00
Dalton Smith 1 0 1 1 0 3 0 0 0 0 6/7 13:07 2:49 0:00
Dany Roussin 1 1 2 2 0 3 0 0 1 0 5/8 25:17 4:55 2:55
David Clarkson 0 0 0 0 0 2 0 0 0 1 2/2 13:42 0:33 1:15
David Fischer 0 0 0 1 0 0 3 3 0 0 0/0 29:29 5:05 3:28
David Wolf 0 0 0 0 0 1 2 0 0 1 0/0 11:46 0:07 0:19
Evgeny Kuznetsov 0 2 2 2 0 2 4 0 0 0 13/26 19:22 5:03 0:19
Jared Staal 0 0 0 0 0 0 0 0 0 0 1/2 4:20 1:48 0:00
Jay Beagle 0 1 1 1 0 0 1 2 0 0 0/0 19:39 4:36 1:05
Joe Labate 0 0 0 0 0 0 2 0 0 0 4/6 11:27 0:07 0:00
Joey Ryan 0 0 0 2 0 1 1 1 0 1 0/0 27:13 5:05 3:28
Josiah Didier 0 0 0 1 2 0 0 0 0 0 0/0 12:53 0:31 1:11
Kelly Zajac 0 0 0 0 0 0 0 0 0 0 1/5 3:37 0:56 0:00
Magnus Paajarvi-Svensson 0 1 1 1 0 4 3 0 0 1 0/0 19:31 4:36 1:11
Peter Andersson 0 0 0 0 4 1 0 0 0 0 0/0 22:23 4:19 0:44
Pierre-Alexandre Parente 1 1 2 2 0 3 2 0 1 1 0/0 20:25 4:46 2:55
Robin Leblanc 0 0 0 0 0 1 2 0 0 1 0/0 8:12 0:00 1:27
Tyson Barrie 0 0 0 2 0 3 1 2 0 1 0/0 25:31 4:19 1:55
Players Stats for Punishers
Player Name G A P +/- PIM S H SB GA TA FO MP PP MP PK MP
------------------------------------------------------------------------------------
Adam McQuaid 1 0 1 -1 0 3 2 2 0 0 0/0 27:30 2:47 5:52
Alex Petrovic 0 0 0 -1 0 0 0 2 1 0 0/0 20:31 2:46 4:03
Boone Jenner 0 0 0 0 0 0 0 0 0 0 0/0 2:19 0:13 0:00
Brandon McMillan 0 0 0 0 0 0 1 0 0 0 0/1 5:46 0:00 0:00
Casey Cizikas 0 0 0 0 0 4 0 1 0 0 2/7 13:52 0:00 1:22
Dainius Zubrus 0 0 0 -2 0 5 4 0 3 0 5/7 25:10 2:35 4:49
Dylan DeMelo 0 0 0 -1 0 1 1 0 0 0 0/0 11:59 0:00 0:00
Frazer Mclaren 0 0 0 0 0 2 2 0 1 0 0/0 11:42 0:00 0:00
Luke Adam 0 0 0 -1 0 0 2 1 0 1 4/9 14:53 2:48 0:00
Matt Mackenzie 0 0 0 -1 2 0 1 0 0 0 0/0 12:13 0:00 0:00
Michael Ferland 0 0 0 0 0 0 0 0 0 0 0/0 2:16 0:00 1:43
Miikka Salomaki 0 0 0 0 0 1 0 1 0 0 0/1 11:49 0:07 0:00
Mike Blunden 0 0 0 -1 2 0 2 0 0 0 1/1 15:25 2:48 0:00
Mike Weber 0 1 1 -1 0 2 4 0 1 0 0/0 27:30 2:47 5:52
Petteri Nokelainen 0 0 0 -2 2 4 2 1 0 0 10/28 18:33 2:35 1:53
Philippe Paradis 0 0 0 0 0 0 0 0 0 0 0/0 3:04 0:00 2:59
Quinton Howden 0 0 0 0 0 0 0 0 0 0 0/0 0:10 0:10 0:00
Radek Smolenak 0 0 0 0 2 0 1 0 0 0 0/0 6:13 0:00 0:23
Ryan Malone 0 0 0 -2 2 5 0 0 1 0 1/1 21:08 2:35 4:08
Simon Despres 0 0 0 -1 0 0 2 1 0 1 0/0 20:31 2:46 4:03
Tanner Glass 0 0 0 -1 0 2 2 0 0 0 1/1 17:26 2:48 2:33
3 Stars
1 - Pierre-Alexandre Parenteau (TRO)
2 - Evgeny Kuznetsov (TRO)
3 - Dany Roussin (TRO)
Power Play
Thunder - 0 on 5 Attempt(s) - 0,00%
Punishers - 1 on 3 Attempt(s) - 33,33%
Penalty Kill
Thunder - 2 on 3 Attempt(s) - 66,67%
- Score 0 goal in Penalty Kill
Punishers - 5 on 5 Attempt(s) - 100,00%
- Score 0 goal in Penalty Kill
Team Stat
Thunder - Hits : 22 - Faceoff Wins : 32 - Blocked Shots : 8 - Penalty Minutes : 6
Punishers - Hits : 26 - Faceoff Wins : 24 - Blocked Shots : 9 - Penalty Minutes : 10
Official
Referees : Pollock Kevin and L'Ecuyer Frederick
Linesman : Ryan Galloway and Pierre Champoux
Game Notes
Kelly Zajac is injured at 10:35 of 1st period (Bruised Left Leg)
Finance
Level 1 -- Attendance: 1395 (69,75%) -- Ticket Income 48 825 $
Level 2 -- Attendance: 730 (73,00%) -- Ticket Income 10 950 $
Total Attendance: 2125 (70,83%)
Total Ticket Income: 59 775 $
Other Income: 2 989 $
Total Income: 62 764 $
Thunder
5 vs 5 Forward
Center Left Wing Right Wing Time % Phy DF OF
1 Evgeny Kuznetsov Dany Roussin Pierre-Alexandre Parentea40 1 2 2
2 Kelly Zajac Magnus Paajarvi-Svensson Jay Beagle 30 1 2 2
3 Joe Labate David Wolf David Clarkson 20 1 2 2
4 Dany Roussin Casey Pierro-Zabotel Robin Leblanc 10 1 2 2
5 vs 5 Defense
Defense Defense Time % Phy DF OF
1 David Fischer Joey Ryan 40 1 2 2
2 Tyson Barrie Peter Andersson 30 1 2 2
3 Josiah Didier David Fischer 20 1 2 2
4 Joey Ryan Tyson Barrie 10 1 2 2
PowerPlay Forward
Center Left Wing Right Wing Time % Phy DF OF
1 Evgeny Kuznetsov Dany Roussin Pierre-Alexandre Parentea60 1 2 2
2 Kelly Zajac Magnus Paajarvi-Svensson Jay Beagle 40 1 2 2
PowerPlay Defense
Defense Defense Time % Phy DF OF
1 David Fischer Joey Ryan 60 1 2 2
2 Tyson Barrie Peter Andersson 40 1 2 2
Penalty Kill 4 Players Forward
Center Wing Time % Phy DF OF
1 Dany Roussin Pierre-Alexandre Parentea60 1 2 2
2 Jay Beagle David Clarkson 40 1 2 2
Penalty Kill 4 Players Defense
Defense Defense Time % Phy DF OF
1 David Fischer Joey Ryan 60 1 2 2
2 Tyson Barrie Peter Andersson 40 1 2 2
Penalty Kill - 3 Players Forward
Forward Time % Phy DF OF
1 Dany Roussin 60 1 2 2
2 Pierre-Alexandre Parentea 40 1 2 2
Penalty Kill - 3 Players Defense
Defense Defense Time % Phy DF OF
1 David Fischer Joey Ryan 60 1 2 2
2 Tyson Barrie Peter Andersson 40 1 2 2
4 vs 4 Forward
Center Wing Time % Phy DF OF
1 Dany Roussin Pierre-Alexandre Parentea60 1 2 2
2 Jay Beagle David Clarkson 40 1 2 2
4 vs 4 Defense
Defense Defense Time % Phy DF OF
1 David Fischer Joey Ryan 60 1 2 2
2 Tyson Barrie Peter Andersson 40 1 2 2
Last Minutes Offensive
Center Left Wing Right Wing Defense Defense
Evgeny Kuznetsov Dany Roussin Pierre-Alexandre ParenteaDavid Fischer Joey Ryan
Last Minutes Defensive
Center Left Wing Right Wing Defense Defense
Evgeny Kuznetsov Dany Roussin Pierre-Alexandre ParenteaDavid Fischer Joey Ryan
Goaltenders
Starting : Erik Ersberg
Backup : Devan Dubnyk
Extra Forwards
Normal : Dalton Smith, Jared Staal, Robin Leblanc - PP : Dalton Smith, Jared Staal - PK : Robin Leblanc
Extra Defensemen
Normal : Josiah Didier, Peter Andersson, David Fischer - PP : Josiah Didier - PK : Peter Andersson, David Fischer
Penalty Shots
Dany Roussin, Pierre-Alexandre Parenteau, Jay Beagle, David Clarkson, Robin Leblanc
Punishers
5 vs 5 Forward
Center Left Wing Right Wing Time % Phy DF OF
1 Petteri Nokelainen Ryan Malone Dainius Zubrus 40 1 2 2
2 Luke Adam Tanner Glass Mike Blunden 30 1 2 2
3 Casey Cizikas Frazer Mclaren Miikka Salomaki 20 1 2 2
4 Brandon McMillan Radek Smolenak Dainius Zubrus 10 1 2 2
5 vs 5 Defense
Defense Defense Time % Phy DF OF
1 Mike Weber Adam McQuaid 40 1 2 2
2 Simon Despres Alex Petrovic 30 1 2 2
3 Matt Mackenzie Dylan DeMelo 20 1 2 2
4 Mike Weber Adam McQuaid 10 1 2 2
PowerPlay Forward
Center Left Wing Right Wing Time % Phy DF OF
1 Petteri Nokelainen Ryan Malone Dainius Zubrus 60 1 2 2
2 Luke Adam Tanner Glass Mike Blunden 40 1 2 2
PowerPlay Defense
Defense Defense Time % Phy DF OF
1 Mike Weber Adam McQuaid 60 1 2 2
2 Simon Despres Alex Petrovic 40 1 2 2
Penalty Kill 4 Players Forward
Center Wing Time % Phy DF OF
1 Dainius Zubrus Ryan Malone 60 1 2 2
2 Tanner Glass Petteri Nokelainen 40 1 2 2
Penalty Kill 4 Players Defense
Defense Defense Time % Phy DF OF
1 Mike Weber Adam McQuaid 60 1 2 2
2 Simon Despres Alex Petrovic 40 1 2 2
Penalty Kill - 3 Players Forward
Forward Time % Phy DF OF
1 Dainius Zubrus 60 1 2 2
2 Ryan Malone 40 1 2 2
Penalty Kill - 3 Players Defense
Defense Defense Time % Phy DF OF
1 Mike Weber Adam McQuaid 60 1 2 2
2 Simon Despres Alex Petrovic 40 1 2 2
4 vs 4 Forward
Center Wing Time % Phy DF OF
1 Dainius Zubrus Ryan Malone 60 1 2 2
2 Tanner Glass Petteri Nokelainen 40 1 2 2
4 vs 4 Defense
Defense Defense Time % Phy DF OF
1 Mike Weber Adam McQuaid 60 1 2 2
2 Simon Despres Alex Petrovic 40 1 2 2
Last Minutes Offensive
Center Left Wing Right Wing Defense Defense
Petteri Nokelainen Ryan Malone Dainius Zubrus Mike Weber Adam McQuaid
Last Minutes Defensive
Center Left Wing Right Wing Defense Defense
Petteri Nokelainen Ryan Malone Dainius Zubrus Mike Weber Adam McQuaid
Goaltenders
Starting : Niklas Svedberg
Backup : Kevin Poulin
Extra Forwards
Normal : Boone Jenner, Quinton Howden, Philippe Paradis - PP : Boone Jenner, Quinton Howden - PK : Philippe Paradis
Extra Defensemen
Normal : Matt Mackenzie, Dylan DeMelo, Simon Despres - PP : Matt Mackenzie - PK : Dylan DeMelo, Simon Despres
Penalty Shots
Dainius Zubrus, Ryan Malone, Tanner Glass, Petteri Nokelainen, Frazer Mclaren
% Time on Ice - Thunder
Lines # - Real PCT - Wanted PCT - Time Play
Normal Forward
1 - 29% - 40% - 12:44
2 - 32% - 30% - 14:13
3 - 25% - 20% - 11:05
4 - 15% - 10% - 6:30
Normal Defense
1 - 35% - 40% - 15:34
2 - 36% - 30% - 15:54
3 - 19% - 20% - 8:20
4 - 11% - 10% - 4:44
PP Forward
1 - 48% - 60% - 4:46
2 - 52% - 40% - 5:09
PP Defense
1 - 56% - 60% - 5:36
2 - 44% - 40% - 4:19
PK Forward
1 - 80% - 60% - 4:28
2 - 20% - 40% - 1:05
PK Defense
1 - 65% - 60% - 3:38
2 - 35% - 40% - 1:55
PK3 Forward
1 - 0% - 60%
2 - 0% - 40%
PK3 Defense
1 - 0% - 60%
2 - 0% - 40%
44 Forward
1 - 0% - 60%
2 - 0% - 40%
44 Defense
1 - 0% - 60%
2 - 0% - 40%
Last Minute Offensive - 0:00
Last Minute Defensive - 0:00
Total
Forward - 60:00
Defense - 60:00
|
% Time on Ice - Punishers
Lines # - Real PCT - Wanted PCT - Time Play
Normal Forward
1 - 34% - 40% - 14:59
2 - 27% - 30% - 12:05
3 - 26% - 20% - 11:42
4 - 13% - 10% - 5:46
Normal Defense
1 - 39% - 40% - 17:26
2 - 31% - 30% - 13:42
3 - 27% - 20% - 11:59
4 - 3% - 10% - 1:25
PP Forward
1 - 47% - 60% - 2:35
2 - 53% - 40% - 2:58
PP Defense
1 - 50% - 60% - 2:47
2 - 50% - 40% - 2:46
PK Forward
1 - 74% - 60% - 7:22
2 - 26% - 40% - 2:33
PK Defense
1 - 59% - 60% - 5:52
2 - 41% - 40% - 4:03
PK3 Forward
1 - 0% - 60%
2 - 0% - 40%
PK3 Defense
1 - 0% - 60%
2 - 0% - 40%
44 Forward
1 - 0% - 60%
2 - 0% - 40%
44 Defense
1 - 0% - 60%
2 - 0% - 40%
Last Minute Offensive - 0:00
Last Minute Defensive - 0:00
Total
Forward - 60:00
Defense - 60:00
|
Play by Play
1st period
0:01 of 1st period - Petteri Nokelainen wins face-off versus Evgeny Kuznetsov in neutral zone.
0:10 of 1st period - Wrist shot by Ryan Malone.
0:10 of 1st period - Stopped by Erik Ersberg without a rebound.
0:11 of 1st period - Luke Adam wins face-off versus Kelly Zajac in Thunder zone.
0:47 of 1st period - Wrist shot by Casey Cizikas.
0:47 of 1st period - Stopped by Erik Ersberg with a rebound.
1:07 of 1st period - Tyson Barrie is hit by Dainius Zubrus and loses puck.
1:39 of 1st period - Snap shot by Robin Leblanc.
1:39 of 1st period - Shot Misses the Net.
2:14 of 1st period - Wrist shot by Dainius Zubrus.
2:14 of 1st period - Stopped by Erik Ersberg with a rebound.
2:16 of 1st period - Slapshot by Adam McQuaid.
2:16 of 1st period - Shot Blocked by David Fischer.
2:18 of 1st period - Slapshot by Adam McQuaid.
2:18 of 1st period - Shot Misses the Net.
2:20 of 1st period - Wrist shot by Petteri Nokelainen.
2:20 of 1st period - Shot Misses the Net.
3:13 of 1st period - Luke Adam is hit by David Fischer and loses puck.
4:19 of 1st period - Wrist shot by Dainius Zubrus.
4:19 of 1st period - Stopped by Erik Ersberg without a rebound.
4:20 of 1st period - Joe Labate wins face-off versus Brandon McMillan in Thunder zone.
4:39 of 1st period - Minor Penalty to Radek Smolenak for Hooking.
4:40 of 1st period - Dainius Zubrus wins face-off versus Evgeny Kuznetsov in Punishers zone.
5:14 of 1st period - Slapshot by Magnus Paajarvi-Svensson.
5:14 of 1st period - Stopped by Niklas Svedberg with a rebound.
5:39 of 1st period - Icing by Joey Ryan.
5:40 of 1st period - Tanner Glass wins face-off versus Kelly Zajac in Thunder zone.
5:57 of 1st period - Wrist shot by Pierre-Alexandre Parenteau.
5:57 of 1st period - Stopped by Niklas Svedberg without a rebound.
5:58 of 1st period - Dainius Zubrus wins face-off versus Kelly Zajac in Punishers zone.
6:11 of 1st period - Slapshot by Tyson Barrie.
6:11 of 1st period - Stopped by Niklas Svedberg with a rebound.
6:13 of 1st period - Snap shot by Jay Beagle.
6:13 of 1st period - Shot Misses the Net.
6:39 of 1st period - Penalty to Radek Smolenak is over, Radek Smolenak is back on ice.
6:46 of 1st period - Wrist shot by Casey Cizikas.
6:46 of 1st period - Stopped by Erik Ersberg without a rebound.
6:47 of 1st period - Evgeny Kuznetsov wins face-off versus Casey Cizikas in Thunder zone.
6:47 of 1st period - Evgeny Kuznetsov is hit by Frazer Mclaren.
7:24 of 1st period - Ryan Malone is hit by David Wolf.
7:39 of 1st period - Snap shot by Tanner Glass.
7:39 of 1st period - Stopped by Erik Ersberg with a rebound.
7:41 of 1st period - Wrist shot by Luke Adam.
7:41 of 1st period - Shot Misses the Net.
7:43 of 1st period - Snap shot by Mike Weber.
7:43 of 1st period - Shot Blocked by Tyson Barrie.
7:53 of 1st period - Snap shot by Dainius Zubrus.
7:53 of 1st period - Shot Misses the Net.
8:22 of 1st period - Icing by Dylan DeMelo.
8:23 of 1st period - Casey Cizikas wins face-off versus Kelly Zajac in Punishers zone.
8:26 of 1st period - Snap shot by Jay Beagle.
8:26 of 1st period - Shot Misses the Net.
10:31 of 1st period - Snap shot by Frazer Mclaren.
10:31 of 1st period - Shot Misses the Net.
10:33 of 1st period - Snap shot by Alex Petrovic.
10:33 of 1st period - Deflect By Casey Cizikas.
10:33 of 1st period - Shot Misses the Net.
10:33 of 1st period - Puck is out of play.
10:34 of 1st period - Kelly Zajac wins face-off versus Miikka Salomaki in Thunder zone.
10:34 of 1st period - Kelly Zajac is hit by Frazer Mclaren.
10:35 of 1st period - Kelly Zajac from Thunder is injured at 10:35 of 1st period (Bruised Left Leg).
10:36 of 1st period - Evgeny Kuznetsov wins face-off versus Petteri Nokelainen in Thunder zone.
10:36 of 1st period - Evgeny Kuznetsov is hit by Adam McQuaid.
11:07 of 1st period - Wrist shot by Magnus Paajarvi-Svensson.
11:07 of 1st period - Shot Misses the Net.
12:34 of 1st period - Frazer Mclaren is hit by Joe Labate and loses puck.
13:25 of 1st period - Wrist shot by Casey Cizikas.
13:25 of 1st period - Shot Blocked by Jay Beagle.
14:17 of 1st period - Slapshot by Joey Ryan.
14:17 of 1st period - Shot Misses the Net.
15:30 of 1st period - Tyson Barrie is hit by Simon Despres and loses puck.
15:45 of 1st period - Magnus Paajarvi-Svensson is hit by Tanner Glass and loses puck.
16:17 of 1st period - Pierre-Alexandre Parenteau is hit by Dainius Zubrus.
16:21 of 1st period - Mike Weber is hit by Pierre-Alexandre Parenteau and loses puck.
16:37 of 1st period - David Fischer is hit by Brandon McMillan and loses puck.
16:52 of 1st period - Dany Roussin is hit by Dylan DeMelo and loses puck.
16:59 of 1st period - Matt Mackenzie is hit by Evgeny Kuznetsov and loses puck.
17:07 of 1st period - Icing by Dylan DeMelo.
17:08 of 1st period - Luke Adam wins face-off versus Jared Staal in Punishers zone.
17:15 of 1st period - Snap shot by Mike Blunden.
17:15 of 1st period - Shot Misses the Net.
17:33 of 1st period - Casey Cizikas is hit by Casey Pierro-Zabotel and loses puck.
17:57 of 1st period - Evgeny Kuznetsov is hit by Luke Adam and loses puck.
18:19 of 1st period - Wrist shot by Dainius Zubrus.
18:19 of 1st period - Stopped by Erik Ersberg with a rebound.
18:32 of 1st period - Off-side.
18:33 of 1st period - Joe Labate wins face-off versus Luke Adam in neutral zone.
18:36 of 1st period - Luke Adam is hit by David Wolf.
18:41 of 1st period - Icing by Tanner Glass.
18:42 of 1st period - Evgeny Kuznetsov wins face-off versus Luke Adam in Punishers zone.
18:43 of 1st period - Wrist shot by Pierre-Alexandre Parenteau.
18:43 of 1st period - Stopped by Niklas Svedberg with a rebound.
18:45 of 1st period - Snap shot by Dany Roussin.
18:45 of 1st period - Goal by Dany Roussin - Thunder : 1 - Punishers : 0.
18:46 of 1st period - Petteri Nokelainen wins face-off versus Evgeny Kuznetsov in neutral zone.
19:11 of 1st period - Dany Roussin is hit by Mike Weber and loses puck.
19:59 of 1st period - Slapshot by Dany Roussin.
19:59 of 1st period - Stopped by Niklas Svedberg with a rebound.
Goals for this period are 1 for Thunder vs 0 for Punishers.
Shots for this period are 6 for Thunder vs 7 for Punishers.
2nd period
0:01 of 2nd period - Petteri Nokelainen wins face-off versus Evgeny Kuznetsov in neutral zone.
0:14 of 2nd period - Backhand shot by Dainius Zubrus.
0:14 of 2nd period - Stopped by Erik Ersberg with a rebound.
0:16 of 2nd period - Slapshot by Mike Weber.
0:16 of 2nd period - Shot Blocked by Joey Ryan.
0:35 of 2nd period - Backhand shot by Joey Ryan.
0:35 of 2nd period - Deflect By Jay Beagle.
0:35 of 2nd period - Shot Misses the Net.
0:35 of 2nd period - Puck is out of play.
0:36 of 2nd period - Dalton Smith wins face-off versus Petteri Nokelainen in Punishers zone.
0:50 of 2nd period - Off-side.
0:51 of 2nd period - Petteri Nokelainen wins face-off versus Evgeny Kuznetsov in neutral zone.
0:54 of 2nd period - David Fischer is hit by Mike Weber.
1:04 of 2nd period - Snap shot by Dainius Zubrus.
1:04 of 2nd period - Deflect By Ryan Malone.
1:04 of 2nd period - Stopped by Erik Ersberg without a rebound.
1:05 of 2nd period - Evgeny Kuznetsov wins face-off versus Petteri Nokelainen in Thunder zone.
1:05 of 2nd period - Evgeny Kuznetsov is hit by Dainius Zubrus.
1:27 of 2nd period - Minor Penalty to Petteri Nokelainen for Close Hand On Puck.
1:28 of 2nd period - Dainius Zubrus wins face-off versus Evgeny Kuznetsov in Punishers zone.
2:51 of 2nd period - Slapshot by Simon Despres.
2:51 of 2nd period - Shot Misses the Net.
3:15 of 2nd period - Tyson Barrie is hit by Adam McQuaid and loses puck.
3:27 of 2nd period - Penalty to Petteri Nokelainen is over, Petteri Nokelainen is back on ice.
4:00 of 2nd period - Peter Andersson is hit by Mike Blunden and loses puck.
4:42 of 2nd period - Snap shot by Casey Cizikas.
4:42 of 2nd period - Shot Blocked by Tyson Barrie.
5:15 of 2nd period - Frazer Mclaren is hit by Robin Leblanc and loses puck.
5:34 of 2nd period - David Fischer is hit by Mike Weber.
5:38 of 2nd period - David Clarkson is hit by Dainius Zubrus.
6:16 of 2nd period - Adam McQuaid is hit by Magnus Paajarvi-Svensson and loses puck.
7:13 of 2nd period - Joey Ryan is hit by Matt Mackenzie and loses puck.
7:26 of 2nd period - Wrist shot by Robin Leblanc.
7:26 of 2nd period - Stopped by Niklas Svedberg with a rebound.
7:28 of 2nd period - Slapshot by Evgeny Kuznetsov.
7:28 of 2nd period - Stopped by Niklas Svedberg without a rebound.
7:29 of 2nd period - Luke Adam wins face-off versus Dany Roussin in Punishers zone.
7:41 of 2nd period - Mike Blunden is hit by Evgeny Kuznetsov and loses puck.
8:00 of 2nd period - Snap shot by David Wolf.
8:00 of 2nd period - Shot Misses the Net.
8:20 of 2nd period - Frazer Mclaren is hit by David Fischer and loses puck.
8:49 of 2nd period - Snap shot by Dainius Zubrus.
8:49 of 2nd period - Shot Blocked by David Fischer.
9:07 of 2nd period - Tyson Barrie is hit by Luke Adam and loses puck.
9:46 of 2nd period - Wrist shot by Tanner Glass.
9:46 of 2nd period - Stopped by Erik Ersberg without a rebound.
9:47 of 2nd period - Jared Staal wins face-off versus Luke Adam in Thunder zone.
9:47 of 2nd period - Jared Staal is hit by Mike Blunden.
10:20 of 2nd period - Icing by Frazer Mclaren.
10:21 of 2nd period - Joe Labate wins face-off versus Casey Cizikas in Punishers zone.
10:26 of 2nd period - Slapshot by Joey Ryan.
10:26 of 2nd period - Shot Blocked by Miikka Salomaki.
10:51 of 2nd period - Slapshot by Adam McQuaid.
10:51 of 2nd period - Stopped by Erik Ersberg with a rebound.
11:11 of 2nd period - Dany Roussin is hit by Tanner Glass and loses puck.
11:41 of 2nd period - Tyson Barrie is hit by Radek Smolenak and loses puck.
12:01 of 2nd period - Wrist shot by Jay Beagle.
12:01 of 2nd period - Deflect By Dalton Smith.
12:01 of 2nd period - Stopped by Niklas Svedberg with a rebound.
12:19 of 2nd period - Snap shot by Frazer Mclaren.
12:19 of 2nd period - Stopped by Erik Ersberg with a rebound.
12:21 of 2nd period - Slapshot by Dylan DeMelo.
12:21 of 2nd period - Stopped by Erik Ersberg with a rebound.
12:25 of 2nd period - Snap shot by Frazer Mclaren.
12:25 of 2nd period - Stopped by Erik Ersberg with a rebound.
12:47 of 2nd period - Slapshot by Adam McQuaid.
12:47 of 2nd period - Stopped by Erik Ersberg without a rebound.
12:48 of 2nd period - David Clarkson wins face-off versus Petteri Nokelainen in Thunder zone.
12:55 of 2nd period - Snap shot by David Clarkson.
12:55 of 2nd period - Stopped by Niklas Svedberg without a rebound.
12:56 of 2nd period - Mike Blunden wins face-off versus Evgeny Kuznetsov in Punishers zone.
13:01 of 2nd period - Mike Blunden is hit by Tyson Barrie and loses puck.
13:24 of 2nd period - Petteri Nokelainen is hit by Jay Beagle and loses puck.
13:33 of 2nd period - Snap shot by Magnus Paajarvi-Svensson.
13:33 of 2nd period - Stopped by Niklas Svedberg with a rebound.
13:35 of 2nd period - Snap shot by Magnus Paajarvi-Svensson.
13:35 of 2nd period - Shot Misses the Net.
13:37 of 2nd period - Wrist shot by Dalton Smith.
13:37 of 2nd period - Goal by Dalton Smith - Thunder : 2 - Punishers : 0.
13:38 of 2nd period - Evgeny Kuznetsov wins face-off versus Petteri Nokelainen in neutral zone.
13:41 of 2nd period - Slapshot by Dany Roussin.
13:41 of 2nd period - Shot Misses the Net.
14:10 of 2nd period - Mike Blunden is hit by Joey Ryan and loses puck.
14:17 of 2nd period - Magnus Paajarvi-Svensson is hit by Simon Despres and loses puck.
14:37 of 2nd period - Off-side.
14:38 of 2nd period - Evgeny Kuznetsov wins face-off versus Petteri Nokelainen in neutral zone.
14:40 of 2nd period - Off-side.
14:41 of 2nd period - Dany Roussin wins face-off versus Petteri Nokelainen in neutral zone.
15:02 of 2nd period - Minor Penalty to Peter Andersson for Tripping.
15:03 of 2nd period - Dany Roussin wins face-off versus Petteri Nokelainen in Thunder zone.
15:14 of 2nd period - Slapshot by Petteri Nokelainen.
15:14 of 2nd period - Stopped by Erik Ersberg with a rebound.
15:16 of 2nd period - Slapshot by Mike Weber.
15:16 of 2nd period - Stopped by Erik Ersberg with a rebound.
16:33 of 2nd period - Icing by Mike Weber.
16:34 of 2nd period - Petteri Nokelainen wins face-off versus Evgeny Kuznetsov in Punishers zone.
17:02 of 2nd period - Penalty to Peter Andersson is over, Peter Andersson is back on ice.
17:09 of 2nd period - Snap shot by Casey Cizikas.
17:09 of 2nd period - Stopped by Erik Ersberg with a rebound.
17:11 of 2nd period - Slapshot by Casey Cizikas.
17:11 of 2nd period - Shot Misses the Net.
17:13 of 2nd period - Snap shot by Casey Cizikas.
17:13 of 2nd period - Stopped by Erik Ersberg with a rebound.
17:15 of 2nd period - Wrist shot by Miikka Salomaki.
17:15 of 2nd period - Stopped by Erik Ersberg without a rebound.
17:16 of 2nd period - Dalton Smith wins face-off versus Casey Cizikas in Thunder zone.
17:21 of 2nd period - Slapshot by Tyson Barrie.
17:21 of 2nd period - Deflect By Magnus Paajarvi-Svensson.
17:21 of 2nd period - Shot Blocked by Casey Cizikas.
17:21 of 2nd period - Puck is out of play.
17:22 of 2nd period - Dalton Smith wins face-off versus Petteri Nokelainen in Punishers zone.
17:43 of 2nd period - Jay Beagle is hit by Petteri Nokelainen and loses puck.
18:08 of 2nd period - Snap shot by Magnus Paajarvi-Svensson.
18:08 of 2nd period - Stopped by Niklas Svedberg with a rebound.
18:10 of 2nd period - Slapshot by Dalton Smith.
18:10 of 2nd period - Stopped by Niklas Svedberg with a rebound.
18:21 of 2nd period - Minor Penalty to Peter Andersson for Hooking.
18:22 of 2nd period - Luke Adam wins face-off versus Dany Roussin in Thunder zone.
19:56 of 2nd period - Slapshot by Adam McQuaid.
19:56 of 2nd period - Goal by Adam McQuaid - Thunder : 2 - Punishers : 1.
19:57 of 2nd period - Evgeny Kuznetsov wins face-off versus Casey Cizikas in neutral zone.
Goals for this period are 1 for Thunder vs 1 for Punishers.
Shots for this period are 8 for Thunder vs 14 for Punishers.
3rd period
0:01 of 3rd period - Petteri Nokelainen wins face-off versus Evgeny Kuznetsov in neutral zone.
0:47 of 3rd period - Off-side.
0:48 of 3rd period - Casey Cizikas wins face-off versus Joe Labate in neutral zone.
1:01 of 3rd period - Snap shot by Casey Cizikas.
1:01 of 3rd period - Deflect By Frazer Mclaren.
1:01 of 3rd period - Shot Misses the Net.
1:01 of 3rd period - Puck is out of play.
1:02 of 3rd period - Ryan Malone wins face-off versus Evgeny Kuznetsov in Thunder zone.
1:05 of 3rd period - Wrist shot by Ryan Malone.
1:05 of 3rd period - Stopped by Erik Ersberg with a rebound.
1:07 of 3rd period - Snap shot by Ryan Malone.
1:07 of 3rd period - Stopped by Erik Ersberg without a rebound.
1:08 of 3rd period - Petteri Nokelainen wins face-off versus Dany Roussin in Thunder zone.
1:43 of 3rd period - Slapshot by Tyson Barrie.
1:43 of 3rd period - Stopped by Niklas Svedberg without a rebound.
1:44 of 3rd period - Evgeny Kuznetsov wins face-off versus Petteri Nokelainen in Punishers zone.
1:48 of 3rd period - Icing by Dainius Zubrus.
1:49 of 3rd period - Evgeny Kuznetsov wins face-off versus Petteri Nokelainen in Punishers zone.
1:50 of 3rd period - Wrist shot by Pierre-Alexandre Parenteau.
1:50 of 3rd period - Shot Blocked by Alex Petrovic.
2:15 of 3rd period - Minor Penalty to Mike Blunden for Hooking.
2:16 of 3rd period - Dainius Zubrus wins face-off versus Evgeny Kuznetsov in Punishers zone.
2:16 of 3rd period - Dainius Zubrus is hit by Evgeny Kuznetsov.
4:15 of 3rd period - Penalty to Mike Blunden is over, Mike Blunden is back on ice.
4:36 of 3rd period - Adam McQuaid is hit by David Fischer and loses puck.
5:38 of 3rd period - Wrist shot by Dainius Zubrus.
5:38 of 3rd period - Stopped by Erik Ersberg without a rebound.
5:39 of 3rd period - Dalton Smith wins face-off versus Petteri Nokelainen in Thunder zone.
5:41 of 3rd period - Minor Penalty to Josiah Didier for High sticking.
5:42 of 3rd period - Dany Roussin wins face-off versus Petteri Nokelainen in Thunder zone.
6:30 of 3rd period - Petteri Nokelainen is hit by Pierre-Alexandre Parenteau and loses puck.
7:37 of 3rd period - Icing by Luke Adam.
7:38 of 3rd period - Dany Roussin wins face-off versus Luke Adam in Punishers zone.
7:41 of 3rd period - Penalty to Josiah Didier is over, Josiah Didier is back on ice.
8:12 of 3rd period - Slapshot by Dainius Zubrus.
8:12 of 3rd period - Shot Misses the Net.
9:17 of 3rd period - Snap shot by Dany Roussin.
9:17 of 3rd period - Shot Blocked by Luke Adam.
9:19 of 3rd period - Snap shot by Dany Roussin.
9:19 of 3rd period - Shot Misses the Net.
9:21 of 3rd period - Slapshot by Tyson Barrie.
9:21 of 3rd period - Stopped by Niklas Svedberg with a rebound.
10:04 of 3rd period - Wrist shot by Pierre-Alexandre Parenteau.
10:04 of 3rd period - Shot Misses the Net.
10:35 of 3rd period - Luke Adam is hit by Magnus Paajarvi-Svensson and loses puck.
11:37 of 3rd period - Minor Penalty to Matt Mackenzie for Tripping.
11:38 of 3rd period - Dainius Zubrus wins face-off versus Evgeny Kuznetsov in Punishers zone.
12:20 of 3rd period - Mike Weber is hit by Evgeny Kuznetsov.
12:24 of 3rd period - Dany Roussin is hit by Mike Weber.
13:36 of 3rd period - Mike Weber is hit by Joe Labate and loses puck.
13:37 of 3rd period - Penalty to Matt Mackenzie is over, Matt Mackenzie is back on ice.
13:49 of 3rd period - Wrist shot by Ryan Malone.
13:49 of 3rd period - Shot Misses the Net.
13:51 of 3rd period - Slapshot by Mike Weber.
13:51 of 3rd period - Deflect By Joey Ryan.
13:51 of 3rd period - Stopped by Erik Ersberg without a rebound.
13:52 of 3rd period - Dany Roussin wins face-off versus Luke Adam in Thunder zone.
14:25 of 3rd period - Casey Cizikas is hit by Robin Leblanc and loses puck.
14:30 of 3rd period - Slapshot by Dany Roussin.
14:30 of 3rd period - Shot Misses the Net.
14:32 of 3rd period - Wrist shot by Casey Pierro-Zabotel.
14:32 of 3rd period - Shot Blocked by Alex Petrovic.
14:34 of 3rd period - Wrist shot by Casey Pierro-Zabotel.
14:34 of 3rd period - Shot Misses the Net.
14:36 of 3rd period - Snap shot by Robin Leblanc.
14:36 of 3rd period - Shot Misses the Net.
14:38 of 3rd period - Slapshot by Peter Andersson.
14:38 of 3rd period - Stopped by Niklas Svedberg without a rebound.
14:39 of 3rd period - Petteri Nokelainen wins face-off versus Dalton Smith in Punishers zone.
14:46 of 3rd period - Snap shot by Ryan Malone.
14:46 of 3rd period - Stopped by Erik Ersberg without a rebound.
14:47 of 3rd period - Dalton Smith wins face-off versus Petteri Nokelainen in Thunder zone.
15:01 of 3rd period - Slapshot by Dainius Zubrus.
15:01 of 3rd period - Deflect By Ryan Malone.
15:01 of 3rd period - Shot Misses the Net.
15:01 of 3rd period - Puck is out of play.
15:02 of 3rd period - Joe Labate wins face-off versus Petteri Nokelainen in Thunder zone.
15:02 of 3rd period - Joe Labate is hit by Petteri Nokelainen.
15:08 of 3rd period - Wrist shot by David Wolf.
15:08 of 3rd period - Shot Blocked by Adam McQuaid.
15:10 of 3rd period - Slapshot by David Wolf.
15:10 of 3rd period - Stopped by Niklas Svedberg with a rebound.
15:12 of 3rd period - Slapshot by Joey Ryan.
15:12 of 3rd period - Shot Blocked by Petteri Nokelainen.
15:47 of 3rd period - Slapshot by Adam McQuaid.
15:47 of 3rd period - Shot Blocked by Jay Beagle.
16:37 of 3rd period - Snap shot by David Clarkson.
16:37 of 3rd period - Deflect By Simon Despres.
16:37 of 3rd period - Stopped by Niklas Svedberg with a rebound.
16:39 of 3rd period - Slapshot by David Wolf.
16:39 of 3rd period - Shot Misses the Net.
16:41 of 3rd period - Slapshot by Peter Andersson.
16:41 of 3rd period - Deflect By David Wolf.
16:41 of 3rd period - Shot Misses the Net.
16:41 of 3rd period - Puck is out of play.
16:42 of 3rd period - Dalton Smith wins face-off versus Petteri Nokelainen in Punishers zone.
16:51 of 3rd period - Snap shot by Magnus Paajarvi-Svensson.
16:51 of 3rd period - Shot Blocked by Simon Despres.
16:53 of 3rd period - Slapshot by Magnus Paajarvi-Svensson.
16:53 of 3rd period - Stopped by Niklas Svedberg without a rebound.
16:54 of 3rd period - Evgeny Kuznetsov wins face-off versus Petteri Nokelainen in Punishers zone.
16:59 of 3rd period - Wrist shot by Dany Roussin.
16:59 of 3rd period - Stopped by Niklas Svedberg with a rebound.
17:01 of 3rd period - Snap shot by Pierre-Alexandre Parenteau.
17:01 of 3rd period - Goal by Pierre-Alexandre Parenteau - Thunder : 3 - Punishers : 1.
17:02 of 3rd period - Evgeny Kuznetsov wins face-off versus Petteri Nokelainen in neutral zone.
17:06 of 3rd period - Minor Penalty to Ryan Malone for Hooking.
17:07 of 3rd period - Evgeny Kuznetsov wins face-off versus Dainius Zubrus in Punishers zone.
17:08 of 3rd period - Snap shot by Pierre-Alexandre Parenteau.
17:08 of 3rd period - Shot Misses the Net.
17:10 of 3rd period - Wrist shot by Joey Ryan.
17:10 of 3rd period - Shot Misses the Net.
17:12 of 3rd period - Snap shot by Evgeny Kuznetsov.
17:12 of 3rd period - Shot Blocked by Adam McQuaid.
17:14 of 3rd period - Slapshot by Joey Ryan.
17:14 of 3rd period - Stopped by Niklas Svedberg with a rebound.
17:16 of 3rd period - Wrist shot by David Fischer.
17:16 of 3rd period - Shot Misses the Net.
17:18 of 3rd period - Wrist shot by Evgeny Kuznetsov.
17:18 of 3rd period - Stopped by Niklas Svedberg without a rebound.
17:19 of 3rd period - Evgeny Kuznetsov wins face-off versus Dainius Zubrus in Punishers zone.
17:20 of 3rd period - Snap shot by Dany Roussin.
17:20 of 3rd period - Shot Misses the Net.
18:27 of 3rd period - Casey Cizikas is hit by Magnus Paajarvi-Svensson and loses puck.
19:06 of 3rd period - Penalty to Ryan Malone is over, Ryan Malone is back on ice.
19:13 of 3rd period - Icing by Mike Weber.
19:14 of 3rd period - Petteri Nokelainen wins face-off versus Joe Labate in Punishers zone.
19:36 of 3rd period - Wrist shot by Petteri Nokelainen.
19:36 of 3rd period - Stopped by Erik Ersberg without a rebound.
19:37 of 3rd period - Petteri Nokelainen wins face-off versus Evgeny Kuznetsov in Thunder zone.
19:40 of 3rd period - Snap shot by Petteri Nokelainen.
19:40 of 3rd period - Stopped by Erik Ersberg with a rebound.
19:42 of 3rd period - Wrist shot by Ryan Malone.
19:42 of 3rd period - Shot Blocked by David Fischer.
19:44 of 3rd period - Snap shot by Petteri Nokelainen.
19:44 of 3rd period - Stopped by Erik Ersberg without a rebound.
19:45 of 3rd period - David Clarkson wins face-off versus Casey Cizikas in Thunder zone.
19:58 of 3rd period - Slapshot by Simon Despres.
19:58 of 3rd period - Shot Misses the Net.
Goals for this period are 1 for Thunder vs 0 for Punishers.
Shots for this period are 10 for Thunder vs 8 for Punishers.
Back to the Top